 Dungeon Crawl Stone Soup version 0.22-a0-803-gd6d8abeff0 (webtiles) character file.

181 Holzbalken the Chopper (level 5, -7/45 HPs)
             Began as a Hill Orc Abyssal Knight on July 22, 2018.
             Was a Believer of Lugonu.
             Mangled by Htamos's ghost (9 damage)
             ... on level 3 of the Dungeon.
             The game lasted 00:07:44 (2525 turns).

Holzbalken the Chopper (Hill Orc Abyssal Knight)    Turns: 2525, Time: 00:07:45

Health: -7/45      AC: 10    Str: 16    XL:     5   Next: 61%
Magic:  6/6        EV:  9    Int: 12    God:    Lugonu [**....]
Gold:   199        SH:  0    Dex: 10    Spells: 4/4 levels left

rFire    + . .     SeeInvis .   a - +1 hand axe
rCold    . . .     Gourm    .   (no shield)
rNeg     . . .     Faith    .   q - +0 scale mail
rPois    .         Spirit   .   f - +2 helmet
rElec    .         Reflect  .   (no cloak)
rCorr    .         Harm     .   g - +0 pair of gloves
MR       .....                  (no boots)
Stlth    ..........             (no amulet)
HPRegen  0.15/turn              i - ring of protection from fire
MPRegen  0.10/turn              (no ring)

@: no status effects
A: no striking features
a: Depart the Abyss, Bend Space, Renounce Religion


You were on level 3 of the Dungeon.
You worshipped Lugonu.
Lugonu was pleased with you.
You were not hungry.

You visited 1 branch of the dungeon, and saw 3 of its levels.
You visited the Abyss 1 time.

You collected 199 gold pieces.

Inventory:

Hand Weapons
 a - a +1 hand axe (weapon)
Armour
 b - a +0 leather armour
 f - a +2 helmet (worn)
 g - a +0 pair of gloves (worn)
 q - a +0 scale mail (worn)
Jewellery
 i - a ring of protection from fire (left hand)
Scrolls
 d - 2 scrolls of noise {unknown}
 e - a scroll of immolation {unknown}
 h - 2 scrolls of random uselessness {unknown}
 j - 3 scrolls of identify {unknown}
 l - 2 scrolls of teleportation {unknown}
 m - a scroll of fear {unknown}
 p - a scroll of fog {unknown}
Potions
 n - a potion of curing {unknown}
 o - a potion of haste {unknown}
Comestibles
 c - 5 rations
 k - 2 chunks of flesh


   Skills:
 - Level 3.6 Fighting
 + Level 7.5 Axes
 - Level 2.1 Armour
 - Level 0.7 Dodging
 - Level 2.4 Invocations


You had 4 spell levels left.
You didn't know any spells.
Your spell library contained the following spells:

 Spells                   Type           Power        Failure   Level  Hunger
 Confuse                  Hex            #.......     98%         3    ####...
 Tukima's Dance           Hex            #.......     98%         3    ####...
 Ensorcelled Hibernation  Hex/Ice        #.....       88%         2    ###....
 Corona                   Hex            #......      77%         1    ##.....
 Dazzling Spray           Conj/Hex       #.....       98%         3    ####...


Dungeon Overview and Level Annotations

Branches:
Dungeon (3/15)

Altars:

Annotations:
D:3 Htamos's ghost, novice TrWz


Message History

Htamos's ghost is heavily damaged.
You hit Htamos's ghost but do no damage.
Htamos's ghost is heavily damaged.
Htamos's ghost hits you.
* * * LOW HITPOINT WARNING * * *
You hit Htamos's ghost.
Htamos's ghost is heavily damaged.
Htamos's ghost points at you and mumbles some strange words.
The magic dart hits you!
You hit Htamos's ghost.
Htamos's ghost is heavily damaged.
Htamos's ghost hits you.
* * * LOW HITPOINT WARNING * * *
You barely miss Htamos's ghost.
Htamos's ghost is heavily damaged.
Htamos's ghost barely misses you.
You closely miss Htamos's ghost.
Htamos's ghost is heavily damaged.
Htamos's ghost hits you!
You die...

#.############## #
...............# .
#.......##..##.# #.
..#####.###.##
#.#####.......#@..#
##.....<#####..##W##
.....#.........#s≈≈#
#....####...#≈≈≈#
###.........#≈≈≈#
#...#.#...#≈≈≈#
#...#.#..##≈)≈#
#)..#.#.)##≈≈≈#
#....<.÷.#


You could see Htamos's ghost and a giant cockroach.

Vanquished Creatures
  A bullfrog (D:3)
  Robin (D:2)
  3 adders (D:2)
  An ooze (D:1)
  3 worms
  2 dart slugs
  2 leopard geckos
  5 bats
  2 giant cockroaches (D:2)
  12 goblins
  8 hobgoblins
  4 jackals (D:1)
  3 kobolds
  A ball python (D:3)
  5 frilled lizards
  4 rats
57 creatures vanquished.

Notes
Turn   | Place    | Note
-------+----------+-------------------------------------------
     0 | Abyss:1  | Holzbalken the Hill Orc Abyssal Knight began the quest for the Orb.
     0 | Abyss:1  | Reached XP level 1. HP: 19/19 MP: 2/2
    16 | Abyss:1  | Noticed a great orb of eyes
    20 | Abyss:1  | Noticed a rakshasa
    20 | Abyss:1  | Noticed a deep elf sorcerer
    21 | D:1      | Escaped the Abyss
   398 | D:1      | Reached skill level 3 in Axes
   420 | D:1      | Reached XP level 2. HP: 19/26 MP: 3/3
   590 | D:1      | Reached skill level 4 in Axes
   596 | D:1      | Reached * piety under Lugonu
   799 | D:1      | Reached XP level 3. HP: 28/31 MP: 4/4
  1310 | D:2      | Reached skill level 5 in Axes
  1498 | D:2      | Noticed Robin
  1511 | D:2      | Reached XP level 4. HP: 21/39 MP: 5/5
  1526 | D:2      | Killed Robin
  1526 | D:2      | Reached skill level 6 in Axes
  2033 | D:2      | Reached ** piety under Lugonu
  2477 | D:3      | Found a runed door.
  2478 | D:3      | Noticed a bullfrog
  2479 | D:3      | Noticed Htamos's ghost (novice TrWz)
  2489 | D:3      | Killed a bullfrog
  2489 | D:3      | Reached skill level 7 in Axes
  2489 | D:3      | Reached XP level 5. HP: 38/45 MP: 6/6
  2523 | D:3      | HP: 2/45 [Htamos's ghost (2)]
  2525 | D:3      | Mangled by Htamos's ghost

Vault maps used:
D:1:      dpeg_cavernosity
D:2:      uniq_robin
D:3:      ebering_ghost_sewer_f

Skill      XL: |  1  2  3  4 |
---------------+-------------+-----
Axes           | 3 4 5 7 |  7.5
Fighting       | |  3.6
Armour         | |  2.1
Dodging        | |  0.7
Invocations    | |  2.4

Action                   |  1- 3 |  4- 6 || total
-------------------------+-------+-------++-------
Melee: Hand axe          |    94 |    89 ||   183
Invok: Depart the Abyss  |     1 |       ||     1
  Use: Potion            |       |     1 ||     1
  Eat: Chunk             |     2 |     3 ||     5
Armor: Leather armour    |    37 |    17 ||    54
       Skin              |       |     9 ||     9
       Scale mail        |       |    12 ||    12
Dodge: Dodged            |    49 |    34 ||    83

Table legend:
 A = Spawn XP
 B = Non-spawn XP
 C = Spawn XP percentage of total XP
 D = Spawn monster count
 E = Non-spawn monster count
 F = Spawn count percentage of total count
 G = Total turns spent on level
                    A         B        C        D         E        F      G
               +---------+---------+-------+---------+---------+-------+---------
         Total |       0 |     259 |   0.0 |       0 |      57 |   0.0 |  2525
               +---------+---------+-------+---------+---------+-------+---------
           D:1 |       0 |      45 |   0.0 |       0 |      22 |   0.0 |   997
           D:2 |       0 |     108 |   0.0 |       0 |      29 |   0.0 |  1416
           D:3 |       0 |     106 |   0.0 |       0 |       6 |   0.0 |    91
               +---------+---------+-------+---------+---------+-------+---------
